AoeStats
← Cabra da Peste

Baltic

510633140Analyzed
4v4 RM · 2d ago on Oct 1, 2026· 35m 13s· 8 players
Game mode
Random Map
Map size
Large (8 player)
Population
200
Speed
Normal
Resources
Standard
Victory
Conquest
Starting age
Dark Age
Ending age
Imperial Age
RankedLock teamsTeams togetherTeam positionsShared explorationLock speedFull tech treeHidden civsTurbo modeCheats
Victory
Defeat
🇵🇪 Varangians · Peru
1224
+13
🇧🇷 Khmer · Brazil
1218
+13
🇨🇾 Byzantines · Cyprus
1137
+17
🇨🇳 Turks · China
1101
+18
🇧🇷 Tatars · Brazil
1216
-18
🇺🇸 Malians · United States
1169
-16
🇧🇷 Portuguese · Brazil
1124
-14
🇨🇴 Mongols · Colombia
1103
-13
Zizzle4879
3:27 Loom
11:38 Feudal Age
13:44 Gold Mining
13:43 Double-Bit Axe
18:13 Castle Age
17:42 Horse Collar
19:22 Medium Warships
22:57 Fletching
29:30 Stone Mining
31:55 Town Watch
35:13 Husbandry
DCB
2:32 Loom
9:56 Feudal Age
13:44 Double-Bit Axe
16:16 Castle Age
17:28 Horse Collar
19:31 Double-Bit Axe
23:25 Heavy Plow
23:31 Fletching
26:52 Wheelbarrow
28:21 Hand Cart
28:29 Gold Mining
28:31 Stone Mining
29:46 Ballistics
29:45 Bodkin Arrow
29:50 Padded Archer Armor
31:56 Husbandry
32:07 Bloodlines
32:15 Leather Archer Armor
34:45 Imperial Age
34:53 Imperial Age
32:09 Town Watch
33:50 Scale Barding Armor
33:57 Forging
Cabra da Peste
3:13 Loom
11:34 Feudal Age
17:13 Castle Age
17:00 Double-Bit Axe
17:06 Gold Mining
17:30 Horse Collar
18:49 Bow Saw
19:32 Wheelbarrow
22:20 Padded Archer Armor
22:11 Fletching
26:35 Medium Warships
26:41 Crossbowman
30:14 Heavy Plow
30:33 Medium Warships
32:34 Leather Archer Armor
32:14 Bodkin Arrow
34:16 Thumb Ring
35:11 Ballistics
dionathanbh
JonnyD
11:31 Feudal Age
12:21 Loom
12:31 Double-Bit Axe
18:13 Castle Age
16:53 Stone Mining
18:19 Gold Mining
21:01 Scale Barding Armor
21:31 Fletching
22:17 Bodkin Arrow
25:13 Medium Warships
30:30 Imperial Age
28:39 Wheelbarrow
29:07 Ballistics
28:59 Fortified Wall
29:13 Ballistics
29:35 Bow Saw
29:30 Horse Collar
30:54 Forging
31:05 Chain Barding Armor
32:03 Husbandry
32:52 Iron Casting
32:27 Cavalier
33:17 Heavy Plow
35:29 Chemistry
34:25 Murder Holes
34:13 Treadmill Crane
joaopessoense
10:42 Feudal Age
11:12 Double-Bit Axe
17:41 Castle Age
18:53 Fishing Lines
20:24 Loom
22:03 Wheelbarrow
22:43 Horse Collar
23:46 Hand Cart
26:22 Bow Saw
26:47 Gold Mining
30:38 Imperial Age
28:47 Husbandry
29:03 Bloodlines
29:07 Gillnets
29:39 Scale Barding Armor
30:39 Forging
31:40 Conscription
30:43 Cavalier
32:38 Chain Barding Armor
34:44 Plate Barding Armor
GPT Astra Ultra
6:48 Loom
10:37 Feudal Age
11:28 Double-Bit Axe
14:47 Fletching
18:21 Castle Age
17:46 Horse Collar
19:01 Bodkin Arrow
25:21 Wheelbarrow
27:15 Fishing Lines
28:02 Gold Mining
29:34 Ballistics
29:49 Bow Saw
30:13 Heavy Plow
32:27 Hand Cart
36:37 Imperial Age
w2k8m1w2762
1:24 Loom
16:36 Feudal Age
23:37 Castle Age
21:32 Gold Mining
21:33 Stone Mining
21:33 Double-Bit Axe
21:31 Horse Collar
21:46 Fletching
21:57 Padded Archer Armor
23:28 Wheelbarrow
24:47 Medium Warships
24:43 Bodkin Arrow
25:04 Leather Archer Armor
26:22 Bow Saw
26:15 Heavy Plow
31:34 Imperial Age
30:35 Hand Cart
30:06 Town Watch
32:36 Ballistics
32:27 Masonry
32:13 Murder Holes
31:59 Treadmill Crane
32:24 Bracer
34:02 Heavy Warships
33:00 Elite Cannon Galleon
36:28 Gold Shaft Mining
Connection lost

Rejoining the realm…

Still unreachable

The connection could not be restored.

Session expired

The server has moved on; the page needs a fresh start.